 Dungeon Crawl Stone Soup version 0.30-a0-937-ga0a21ad780 (webtiles) character file.

Game seed: 2143461943003566498

121 funkygono the Covered (level 4, -7/40 HPs)
             Began as a Minotaur Fighter on Mar 24, 2023.
             Killed by divine providence
             ... invoked by an orc priest
              (10 damage)
             ... on level 3 of the Dungeon.
             The game lasted 00:02:34 (1396 turns).

funkygono the Covered (Minotaur Fighter)            Turns: 1396, Time: 00:02:34

Health: -7/40      AC:  9    Str: 23    XL:     4   Next: 77%
Magic:  3/3        EV:  9    Int:  5    God:
Gold:   106        SH:  4    Dex:  9    Spells: 3/3 levels left

rFire   . . .      SeeInvis .    a - +0 war axe
rCold   . . .      Faith    .    c - +0 buckler
rNeg    . . .      Spirit   .    b - +0 scale mail
rPois   .          Reflect  .    (helmet restricted)
rElec   .          Rampage  .    (no cloak)
rCorr   .                        f - +1 pair of gloves
Will    .....                    (no boots) Stlth
                                 (no amulet)
HPRegen 0.26/turn                (no ring)
MPRegen 0.08/turn                (no ring)

@: no status effects
A: horns 2, retaliatory headbutt
a: no special abilities


You were on level 3 of the Dungeon.
You visited 1 branch of the dungeon, and saw 3 of its levels.

You collected 106 gold pieces.

Inventory:

Hand Weapons
 a - a +0 war axe (weapon)
Missiles
 l - 10 stones (quivered)
Armour
 b - a +0 scale mail (worn)
 c - a +0 buckler (worn)
 f - a +1 pair of gloves (worn)
Scrolls
 h - a scroll of fog {unknown}
 i - a scroll of identify {unknown}
 j - a scroll of amnesia {unknown}
 k - 2 scrolls of teleportation {unknown}
 n - a scroll of torment {unknown}
Potions
 d - 2 potions of might
 e - a potion of mutation {unknown}
 g - a potion of lignification {unknown}
 m - a potion of heal wounds {unknown}
 o - a potion of flight {unknown}


   Skills:
 + Level 4.1 Fighting
 + Level 4.3 Axes
 + Level 4.8 Armour
 + Level 0.7 Dodging
 + Level 4.0 Shields


You had 3 spell levels left.
You didn't know any spells.
Your spell library was empty.

Dungeon Overview and Level Annotations

Branches:
Dungeon (3/15)

Altars:


Innate Abilities, Weirdness & Mutations

You have a pair of horns on your head.
You reflexively headbutt those who attack you in melee.


Message History

You hit the orc but do no damage. You completely miss the orc.
You hit the orc priest. The orc hits you but does no damage.
You block the orc priest's attack. You block the orc's attack.
You slash the orc!
You kill the orc!
You hit the orc but do no damage. You hit the orc priest.
The orc priest misses you. The orc hits you but does no damage.
The orc closely misses you.
The orc priest invokes the aid of Beogh against you.
Pain shoots through your body!
You closely miss the orc priest.
The orc priest is heavily wounded.
You slash the orc!
You kill the orc!
The orc priest invokes the aid of Beogh against you.
Pain shoots through your body!
You closely miss the orc priest.
The orc priest is heavily wounded.
The orc priest completely misses you. You furiously retaliate!
You headbutt the orc priest!
You kill the orc priest!
You see here a +0 mace.
An orc priest comes into view. It is wielding a +0 trident.
Things that are here:
a +0 dagger; a +0 leather armour The orc priest calls down the wrath of Beogh upon you.
Beogh smites you!
* * * LOW HITPOINT WARNING * * *
The orc priest hits you with a +0 trident.
* * * LOW HITPOINT WARNING * * *
You barely miss the orc priest. Your headbutt misses the orc priest.
The orc priest hits you with a +0 trident.
* * * LOW HITPOINT WARNING * * *
The orc priest hits you with a +0 trident.
* * * LOW HITPOINT WARNING * * *
You hit the orc priest.
The orc priest is lightly wounded.
The orc priest calls down the wrath of Beogh upon you.
Beogh smites you!
You die...

.. #.## #>......# .# #.#
######.## #.# ##.# #.# ..
#..# #.# .####..# #.#
.##)...#########.########
..))..<..................
##.)##..>#######o########
##.#####.# #@# ...# .#
#.# .### .. #.# .# .#
##)###### ## #)))....#
#...........
....#.......##
#.#####.......# #.......#


You could see an orc priest.

Vanquished Creatures
  2 orc priests (D:3)
  An adder (D:3)
  A dart slug (D:3)
  6 orcs (D:3)
  4 ball pythons
  4 endoplasms
  2 giant cockroaches
  A goblin (D:3)
  3 hobgoblins (D:1)
  4 jackals (D:2)
  A kobold (D:1)
  3 quokkas
  4 bats (D:2)
  A frilled lizard (D:3)
  7 rats
44 creatures vanquished.

Notes
Turn   | Place    | Note
-------+----------+-------------------------------------------
     0 | D:1      | funkygono the Minotaur Fighter began the quest for the Orb.
     0 | D:1      | Reached XP level 1. HP: 19/19 MP: 0/0
   206 | D:1      | Found a faded altar of an unknown god.
   248 | D:1      | Reached XP level 2. HP: 27/27 MP: 1/1
   835 | D:2      | Reached XP level 3. HP: 33/33 MP: 2/2
  1212 | D:3      | Reached XP level 4. HP: 9/40 MP: 3/3
  1396 | D:3      | Killed from afar by an orc priest

Illustrated notes

Levels and vault maps discovered:
D:1:      nagdon_arrival_zigzag_paths, layout_basic,
          shapermc_ecumenical_altar_mp_highgroup
D:2:      layout_rooms
D:3:      layout_rooms, serial_shops, nicolae_shop_behind_doors,
          roderic_lattice_a, minmay_misc_feat_doors, uniq_robin

Skill      XL: |  1  2  3  4 |
---------------+-------------+-----
Armour         | 4 |  4.8
Shields        | 4 |  4.0
Fighting       | 4 |  4.1
Axes           | 3 4 |  4.3
Dodging        | |  0.7

Action                     |  1- 3 |  4- 6 || total
---------------------------+-------+-------++-------
  Melee: War axe           |    71 |    16 ||    87
         Headbutt          |     5 |     1 ||     6
 Armour: Scale mail        |    41 |     5 ||    46
  Dodge: Dodged            |    43 |    10 ||    53
  Block: Buckler           |    13 |     6 ||    19

Table legend: (Time is in decaauts)
 A = Elapsed time spent in this place.
 B = Non-inter-level travel time spent in this place.
 C = Inter-level travel time spent in this place.
 D = Time resting spent in this place.
 E = Time spent auto-exploring this place.
 F = Levels seen in this place.
 G = Mean time per level.
                   A        B        C        D        E       F      G
               +--------+--------+--------+--------+--------+-----+--------+
         Total |   1430 |   1378 |     52 |      0 |   1097 |   3 |  476.7 |
       Dungeon |   1430 |   1378 |     52 |      0 |   1097 |   3 |  476.7 |
               +--------+--------+--------+--------+--------+-----+--------+

Top non-repeatable levels by time:
     D:1: 713 daAuts
     D:2: 385 daAuts
     D:3: 330 daAuts
